 Dungeon Crawl Stone Soup version 0.19-a0-1638-ga6c562e (webtiles) character file.

51 FrankyJ the Slasher (level 3, -3/26 HPs)
             Began as a High Elf Fighter on Sept 19, 2016.
             Was an Initiate of Cheibriados.
             Killed from afar by an orc wizard (10 damage)
             ... with a magic dart
             ... on level 4 of the Dungeon.
             The game lasted 00:07:25 (2703 turns).

FrankyJ the Slasher (High Elf Fighter)              Turns: 2703, Time: 00:07:25

Health: -3/26      AC:  8    Str: 16    XL:     3   Next: 57%
Magic:  4/4        EV:  6    Int: 14    God:    Cheibriados [......]
Gold:   164        SH:  9    Dex: 15    Spells: 0 memorised, 2 levels left

rFire  . . .     SeeInvis .     a - +0 long sword
rCold  . . .     Gourm    .     b - +0 scale mail
rNeg   . . .     Faith    .     c - +0 shield
rPois  .         Spirit   .     (no helmet)
rElec  .         Dismiss  .     (no cloak)
rCorr  .         Reflect  .     l - +0 pair of gloves
MR     .....     Harm     .     (no boots)
Stlth  ..........               (no amulet)
                                (no ring)
                                (no ring)

@: very slow
A: no striking features
a: Bend Time, Renounce Religion


You were on level 4 of the Dungeon.
You worshipped Cheibriados.
Cheibriados was noncommittal.
You were hungry.

You visited 2 branches of the dungeon, and saw 5 of its levels.

You collected 164 gold pieces.

Inventory:

Hand Weapons
 a - a +0 long sword (weapon)
Missiles
 k - 2 throwing nets (quivered)
Armour
 b - a +0 scale mail (worn)
 c - a +0 shield (worn)
 l - a +0 pair of gloves (worn)
Scrolls
 j - 4 scrolls of remove curse {unknown}
 m - 2 scrolls of identify {unknown}
 n - a scroll of random uselessness {unknown}
 o - a scroll of recharging {unknown}
Potions
 d - 4 potions of might
 e - 2 potions of mutation {unknown}
 g - a potion of curing {unknown}
 h - a potion of brilliance {unknown}
Comestibles
 f - 2 bread rations
 i - 2 fruits


   Skills:
 + Level 3.0 Fighting
 + Level 3.5 Long Blades
 + Level 3.3 Armour
 - Level 3.0 Shields


You had 2 spell levels left.
You didn't know any spells.

Dungeon Overview and Level Annotations

Branches:
Dungeon (4/15)             Temple (1/1) D:4

Altars:
Ashenzari
Cheibriados
Elyvilon
Gozag
Hepliaklqana
Kikubaaqudgha
Okawaru
Ru
Trog
Uskayaw
Zin


Message History

You block the orc's attack.
The orc wizard gestures at you while chanting.
The magic dart hits you! The orc hits you but does no damage.
An orc priest comes into view. It is wielding a mace.
You closely miss the orc.
The orc is almost dead.
The orc priest shouts!
The orc hits you but does no damage.
You can't go up here!
You slash the orc!
You kill the orc!
Cheibriados appreciates the change of pace.
The orc priest calls down the wrath of Beogh upon you.
Beogh smites you!
The orc wizard gestures at you while chanting.
The magic dart hits you!
* * * LOW HITPOINT WARNING * * *
The orc wizard gestures at you while chanting.
The magic dart hits you!
You die...

#.###....#.##.#
#.....# #
###..##
.#####.[####.#
.............#
#####...######
##.....##
##.......##
#.....@.o.#
+.....)..o'...
#.........#.##
##.......##.#
##.....## #
##...## ##'##
#.


You could see an orc priest and an orc wizard.

Vanquished Creatures
  An adder zombie (D:3)
  A dart slug (D:3)
  2 leopard geckos
  2 orcs (D:4)
  A ball python (D:1)
  3 giant cockroaches
  4 goblins
  2 hobgoblins (D:2)
  6 kobolds
  5 bats
  2 frilled lizards (D:1)
  A jackal skeleton (D:4)
  10 rats
40 creatures vanquished.

Notes
Turn   | Place    | Note
-------+----------+-------------------------------------------
     0 | D:1      | FrankyJ the High Elf Fighter began the quest for the Orb.
     0 | D:1      | Reached XP level 1. HP: 16/16 MP: 2/2
     2 | D:1      | Noticed a minotaur
     2 | D:1      | Noticed a formicid
     4 | D:1      | Noticed an ogre
     6 | D:1      | Noticed a tengu
     6 | D:1      | Noticed a vampire
     8 | D:1      | Noticed a halfling
     8 | D:1      | Noticed a draconian
    11 | D:1      | Noticed a dwarf
    11 | D:1      | Noticed a centaur
    13 | D:1      | Noticed an octopode
    13 | D:1      | Noticed a naga
    15 | D:1      | Noticed a troll
    15 | D:1      | Noticed a spriggan
    17 | D:1      | Noticed a human
    17 | D:1      | Noticed a gargoyle
    19 | D:1      | Noticed a felid
    19 | D:1      | Noticed a vine stalker
    21 | D:1      | Noticed an elf
    23 | D:1      | Noticed a demonspawn
    25 | D:1      | Noticed a merfolk
    25 | D:1      | Noticed a ghoul
    27 | D:1      | Noticed a demigod
   254 | D:1      | Reached XP level 2. HP: 21/21 MP: 3/3
   831 | D:2      | Reached XP level 3. HP: 26/26 MP: 4/4
  1802 | D:3      | Found a bloodstained altar of Trog.
  1834 | D:3      | Found an opulent altar of Gozag.
  2253 | D:4      | Found a staircase to the Ecumenical Temple.
  2274 | Temple   | Entered the Ecumenical Temple
  2578 | Temple   | Became a worshipper of Cheibriados the Contemplative
  2703 | D:4      | Killed from afar by an orc wizard

Vault maps used:
D:1:      kb_arrival_jail, minmay_pentomino_o2
D:3:      minitemple
D:4:      first_bread
Temple:   compressed_dpeg_triangle_lava_temple

Skill      XL: |  1  2 |
---------------+-------+-----
Shields        | 3 |  3.0
Armour         | 3 |  3.3
Long Blades    | 3 |  3.5
Fighting       | |  3.0

Action                   || total
-------------------------++-------
Melee: Long sword        ||   121
  Use: Scroll            ||     1
  Eat: Chunk             ||     5
Armor: Scale mail        ||    60
Dodge: Dodged            ||    33
Block: Shield            ||    52
